 Dungeon Crawl Stone Soup version bcrawl-1.34.3 (webtiles) character file.

Game seed: 14849519743356264837

97832 KristoblXynda the Conjurer (level 3, 0/26 HPs)
             Began as a Draconian Conjurer on Oct 10, 2021.
             Slain by a worm (8 damage)
             ... on level 2 of the Dungeon.
             The game lasted 00:03:46 (1990 turns).

KristoblXynda the Conjurer (Draconian Conjurer)     Turns: 1990, Time: 00:03:46

Health: 0/26       AC:  6    Str: 10    XL:     3   Next: 62%
Magic:  0/7        EV: 12    Int: 16    God:
Gold:   122        SH:  0    Dex: 11    Spells: 6/7 levels left

rFire    . . .     SeeInvis .   d - +0 falchion
rCold    . . .     Gourm    .   (no shield)
rNeg     . . .     Faith    .   (armour unavailable)
rPois    .         Spirit   .   (helmet restricted)
rElec    .         Reflect  .   (no cloak)
rCorr    .         Harm     .   (no gloves)
MR       .....                  a - +0 pair of boots
Stlth    ++........             (no amulet)
HPRegen  0.08/turn              (no ring)
MPRegen  0.10/turn              (no ring)

@: no status effects
A: unfitting armour, cold-blooded, AC +5
a: no special abilities


You were on level 2 of the Dungeon.
You were not hungry.

You visited 1 branch of the dungeon, and saw 2 of its levels.

You collected 122 gold pieces.

Inventory:

Hand Weapons
 d - a +0 falchion (weapon)
Armour
 a - a +0 pair of boots (worn)
Scrolls
 f - a scroll of teleportation {unknown}
 j - a scroll of magic mapping {unknown}
 l - a scroll of blinking {unknown}
Potions
 b - a potion of magic
 c - a potion of curing
 g - a potion of heal wounds
 h - a potion of degeneration {unknown}
 k - a potion of berserk rage {unknown}
Comestibles
 e - 5 rations {!d}


   Skills:
 + Level 2.5 Dodging
 - Level 2.0 Stealth
 + Level 2.7 Spellcasting
 + Level 4.5 Conjurations


You had 6 spell levels left.
You knew the following spells:

 Your Spells              Type           Power        Failure   Level  Hunger
a - Magic Dart            Conj           ###.         3%          1    None

Your spell library contained the following spells:

 Spells                   Type           Power        Failure   Level  Hunger
 Searing Ray              Conj           ###.....     4%          2    ##.....
 Iskenderun's Mystic Bla  Conj           ###.....     9%          3    ####...
 Fulminant Prism          Conj/Hex       #.........   58%         4    #####..
 Irradiate                Conj/Tmut      #.........   91%         5    #######


Dungeon Overview and Level Annotations

Branches:
Dungeon (2/12)

Altars:

Annotations:
D:2 Sigmund


Innate Abilities, Weirdness & Mutations

Your plain brown scales are hard. (AC +5)
You cannot fit into any form of body armour.
You are cold-blooded and may be slowed by cold attacks.


Message History

The magic dart hits the worm.
The worm is severely wounded.
The worm bites you.
Casting: Magic Dart (safe; 3% risk of failure)
Confirm with . or Enter, or press ? or * to list all spells.
Aiming: Magic Dart (safe; 3% risk of failure)
Press: ? - help, Shift-Dir - straight line, f/p - worm
Aim: a worm (heavily wounded)
The magic dart hits the worm.
The worm is severely wounded.
You hit the worm.
The worm is heavily wounded.
The worm bites you!
You hit the worm but do no damage.
You tail-slap the worm, but do no damage.
The worm is heavily wounded.
You hit the worm.
The worm is severely wounded.
The worm bites you!
You die...

#.#.. #.....................
...#.##.......###....##..#
.....###...............# ..
###...#.[....(........####..
#.<.....##..................
#......###.#...####.....#
#...............#......##
##............w÷÷......##
#....(##.....@......(..# .#
##.#####...............##.# ...
####..................##
...##...........)........##..###
### .####....).................
##............÷.#...#
##.....#.....#....##
#####..........#.# ##..######.#
#


You could see a worm.

Vanquished Creatures
  A worm (D:2)
  3 dart slugs
  2 leopard geckos
  4 giant cockroaches
  2 goblins
  4 hobgoblins
  A jackal (D:1)
  7 kobolds
  A quokka (D:2)
  3 ball pythons
  6 bats
  3 frilled lizards
  2 rats
39 creatures vanquished.

Notes
Turn   | Place    | Note
-------+----------+-------------------------------------------
     0 | D:1      | KristoblXynda the Draconian Conjurer began the quest for
                  | the Orb.
     0 | D:1      | Reached XP level 1. HP: 14/14 MP: 3/3
   269 | D:1      | Reached XP level 2. HP: 12/20 MP: 1/5
  1061 | D:1      | Reached XP level 3. HP: 13/26 MP: 3/6
  1949 | D:2      | Noticed Sigmund
  1990 | D:2      | Slain by a worm

Skill      XL: |  1 |
---------------+----+-----
Dodging        | 2 |  2.5
Stealth        | |  2.0
Spellcasting   | |  2.7
Conjurations   | |  4.5

Action                   || total
-------------------------++-------
Melee: Unarmed           ||    57
       Tailslap          ||     6
       Falchion          ||    28
 Cast: Magic Dart        ||    92
  Use: Scroll            ||     2
  Eat: Chunk             ||     7
Armor: Skin              ||    41
Dodge: Dodged            ||    81
